[Event "*** SCC Grand Prix: Titled Tuesday Blitz"]
[Site "Chess.com"]
[Date "2020.07.14"]
[Round "10"]
[White "Forantes"]
[Black "alfiefischer77"]
[Result "1/2-1/2"]
[WhiteElo "2364"]
[BlackElo "2218"]
[TimeControl "180+1"]
[EndTime "11:59:45 PDT"]
[Termination "Game drawn - insufficient material"]

1. Nf3 Nf6 2. g3 e6 3. Bg2 d5 4. O-O Be7 5. d4 O-O 6. c4 c6 7. Nc3 b6 8. Nd2 Nbd7 9. e4 dxe4 10. Ndxe4 Bb7 11. Qb3 Nxe4 12. Nxe4 Nf6 13. Be3 Qd7 14.
Nxf6+ Bxf6 15. Rad1 Rfd8 16. Rd2 Rac8 17. Rfd1 Qe7 18. a4 Ba6 19. c5 b5 20. Qb4 bxa4 21. Qxa4 Bb5 22. Qa5 Rb8 23. Bf4 Rb7 24. Bd6 Qe8 25. b4 Be7 26. Bc7 Rc8 27. Bf4 h6 28.
Bf1 Bf6 29. Bxb5 Rxb5 30. Qxa7 Rxb4 31. Be5 Rd8 32. Bxf6 gxf6 33. Qc7 e5 34. dxe5 Rxd2 35. Rxd2 Qxe5 36. Rd8+ Kg7 37. Qxe5 fxe5 38. Rd6 Rc4 39.
Rxc6 f6 40. Kg2 Kg6 41. Kf3 Kf5 42. g4+ Rxg4 43. Rxf6+ Kxf6 44. Kxg4 Ke6 45. Kf3 Kd5 46. Kg4 Kxc5 47. Kh5 Kd4 48. Kxh6 Ke4 49. Kg5 Kf3 50. Kf5 Kxf2 51. h4 Kf3 52. h5 e4 53. h6 e3 54. h7 e2 55. h8=Q e1=Q 56. Qh3+ Kf2 57. Qh2+ Ke3 58. Qf4+ Ke2 59. Ke4 Qb4+ 60. Kf5 Qxf4+ 61.
Kxf4 1/2-1/2

[Event "*** SCC Grand Prix: Titled Tuesday Blitz"]
[Site "Chess.com"]
[Date "2020.07.14"]
[Round "10"]
[White "ItsCheckM8Mate"]
[Black "TST2014"]
[Result "0-1"]
[WhiteElo "2288"]
[BlackElo "2496"]
[TimeControl "180+1"]
[EndTime "11:59:46 PDT"]
[Termination "TST2014 won on time"]

1. e4 c5 2. Nf3 Nc6 3. d4 cxd4 4.
Nxd4 Nf6 5. Nc3 d6 6. Bg5 e6 7. Qd2 a6 8. O-O-O Bd7 9. f3 b5 10. Nxc6 Bxc6 11. Kb1 Be7 12. h4 h6 13. Be3 Nd7 14.
Ne2 d5 15. Nd4 Bb7 16. exd5 Bxd5 17. Nf5 O-O 18. Nxe7+ Qxe7 19. Be2 Rfd8 20. Qc1 Rac8 21. g4 Ne5 22. g5 h5 23. g6 Nxg6 24. Rhg1 Qxh4 25.
Bg5 Qa4 26. b3 Qa5 27. Bxd8 Rxd8 28. Qg5 Rc8 29. Bd3 Bxf3 30. Bxg6 fxg6 31. Qxg6 Qc7 32. Qxe6+ Kh8 33. Rd2 Bg4 34. Qd5 Rf8 35. Qd4 Rf4 36. Qd5 Qf7 37. Qa8+ Kh7 38. Re1 Rf1 39. Qe4+ g6 40.
Rxf1 Qxf1+ 41. Kb2 Qf6+ 42. c3 Kh6 43. Qe3+ g5 44.
Rf2 Qg6 45. Qe5 Kh7 46. Rf6 Qg7 47.
Qd4 b4 48. Qf2 bxc3+ 49. Kc2 Kg8 50. Kxc3 Bd7 51. Kc2 Be8 52. Kb1 Bg6+ 53. Kc1 h4 54.
Rd6 Qc3+ 55. Kd1 Qa1+ 0-1

[Event "*** SCC Grand Prix: Titled Tuesday Blitz"]
[Site "Chess.com"]
[Date "2020.07.14"]
[Round "10"]
[White "Djager97"]
[Black "chessplayer9919"]
[Result "0-1"]
[WhiteElo "2452"]
[BlackElo "2635"]
[TimeControl "180+1"]
[EndTime "11:59:47 PDT"]
[Termination "chessplayer9919 won by resignation"]

1. e4 e5 2. Nf3 Nc6 3. d4 exd4 4. Nxd4 Nf6 5. Nxc6 bxc6 6. e5 Qe7 7. Qe2 Nd5 8.
c4 Ba6 9. b3 g6 10. g3 Bg7 11.
Bb2 O-O 12. Bg2 Rae8 13. O-O Bxe5 14. Qxe5 Qxe5 15. Bxe5 Rxe5 16. cxd5 Bxf1 17. Kxf1 cxd5 18. Nc3 c6 19. Rd1 Rfe8 20. Bf3 Kg7 21. Ne2 h5 22.
Rd4 Kh6 23. Ra4 g5 24. h3 f5 25. g4 fxg4 26. hxg4 h4 27. Rxa7 R8e7 28. Nd4 Kg6 29. Kg2 Re1 30. a4 Kf6 31. a5 Ra1 32. a6 Re8 33. Rxd7 Rxa6 34. Rd6+ Ke5 35. Rxc6 Rxc6 36. Nxc6+ Kd6 37. Nd4 Ke5 38. Nf5 d4 39. b4 d3 40. b5 d2 41. Ne3 Kd4 42. b6 Rb8 43. b7 Kd3 44. Nf5 Rxb7 45. Ne3 Rb8 46. Nd1 Kc2 47. Kf1 Kc1 48. Ke2 Rh8 49. Ne3 h3 50. Kd3 h2 51. Bh1 d1=Q+ 52. Nxd1 Kxd1 53. Ke3 Ke1 54. f4 Kf1 55. fxg5 Kg1 56. Bf3 Rh3 57. g6 h1=Q 0-1

[Event "*** SCC Grand Prix: Titled Tuesday Blitz"]
[Site "Chess.com"]
[Date "2020.07.14"]
[Round "10"]
[White "Euge_chess"]
[Black "pavelalexandru07"]
[Result "1-0"]
[WhiteElo "2016"]
[BlackElo "2121"]
[TimeControl "180+1"]
[EndTime "11:59:47 PDT"]
[Termination "Euge_chess won on time"]

1. e4 c5 2. Nf3 d6 3. c3 Nf6 4. Be2 Nbd7 5. Qc2 g6 6. d4 cxd4 7. cxd4 e5 8. dxe5 dxe5 9. Nc3 Bg7 10. O-O O-O 11. Rd1 Qe7 12. Bg5 Nb6 13. a4 h6 14.
Bh4 g5 15. Bg3 Nh5 16. a5 Nxg3 17. hxg3 Nd7 18. Nd5 Qc5 19. Qb3 Nf6 20. Rdc1 Qd6 21. Rd1 Nxe4 22. Qc4 Bf5 23. Nb6 Qg6 24. Nxa8 Rxa8 25. Bd3 Bf6 26. Bxe4 Bxe4 27. Nd2 Bc6 28. a6 e4 29. axb7 Bxb7 30. Re1 Qf5 31. Nxe4 Bg7 32. Nd6 Qd7 33. Nxb7 Qxb7 34. Rad1 Bxb2 35. Rb1 Rb8 36. Re2 a5 37. Rexb2 Qxb2 38. Rxb2 Rxb2 39. Qc8+ Kh7 40. Qc4 Rb1+ 41. Kh2 Kg7 42. Qd4+ Kg8 43. Qd8+ Kg7 44. Qxa5 Rd1 45. Qf5 Rd6 46. g4 Rf6 47. Qe5 Kg6 48. f3 Re6 49. Qd5 Kg7 50. Kg3 Rf6 51. Qe5 Kg6 52. Qe4+ Kg7 53. Kf2 Re6 54.
Qd4+ Kg6 55. g3 Rf6 56. f4 gxf4 57. gxf4 Kg7 58. Kg3 Kg6 59. Qe5 1-0

[Event "*** SCC Grand Prix: Titled Tuesday Blitz"]
[Site "Chess.com"]
[Date "2020.07.14"]
[Round "10"]
[White "KNCP_719"]
[Black "random_mango"]
[Result "1-0"]
[WhiteElo "2513"]
[BlackElo "2362"]
[TimeControl "180+1"]
[EndTime "11:59:48 PDT"]
[Termination "KNCP_719 won by checkmate"]

1. e4 e5 2. Nf3 Nc6 3. Bb5 a6 4. Ba4 Nf6 5. d3 b5 6. Bb3 Be7 7. a4 Rb8 8. axb5 axb5 9. c3 O-O 10. O-O d6 11. h3 h6 12. Re1 Re8 13. Nbd2 Bf8 14.
Nf1 g6 15. Ng3 Bg7 16. d4 Bb7 17. Be3 exd4 18. Nxd4 Nxe4 19. Nxe4 Rxe4 20. Bxf7+ Kh7 21.
Qd3 Ne5 22. Qxb5 Nxf7 23. Qb3 Ne5 24. Ra7 Qc8 25. f3 Rh4 26. Bf2 Rh5 27. f4 Bxg2 28.
Qe6 Nf3+ 29. Kxg2 Nxe1+ 30. Bxe1 Rxb2+ 31. Bf2 Qxe6 32. Nxe6 Rhb5 33. Rxc7 Rb7 34. Rc8 Re2 35. Kf3 Rbb2 36. Bd4 Bxd4 37. cxd4 g5 38. fxg5 hxg5 39. Nxg5+ Kg6 40. Ne4 Kf5 41. Ng3+ Ke6 42. Nxe2 Rb3+ 43. Kg4 Kd5 44. Re8 Rb2 45. h4 Kc4 46. h5 Kd3 47. h6 d5 48. h7 Rb1 49. h8=Q Rf1 50.
Qh7+ Kd2 51. Qh6+ Kd1 52. Qh2 Kc2 53. Ng3+ Kb3 54. Nxf1 Kc4 55. Qc2+ Kxd4 56. Qd2+ Kc4 57. Rc8+ Kb5 58. Qb2+ Ka4 59. Ra8# 1-0

[Event "*** SCC Grand Prix: Titled Tuesday Blitz"]
[Site "Chess.com"]
[Date "2020.07.14"]
[Round "10"]
[White "tsvet2005"]
[Black "Barmen_EV"]
[Result "1/2-1/2"]
[WhiteElo "2588"]
[BlackElo "2454"]
[TimeControl "180+1"]
[EndTime "11:59:51 PDT"]
[Termination "Game drawn - insufficient material"]

1. d4 d5 2. c4 e6 3. Nc3 Bb4 4. e3 Nf6 5. a3 Bxc3+ 6. bxc3 b6 7. cxd5 exd5 8. Bd3 O-O 9. Ne2 Ba6 10. O-O Re8 11. f3 Bxd3 12. Qxd3 Nc6 13. Ng3 Na5 14. e4 dxe4 15. fxe4 Nb3 16. Rb1 Nc5 17. Qf3 Ncxe4 18.
Nf5 Qd5 19. Rb2 Re6 20. Re2 Rae8 21. Re3 Ng5 22. Qxd5 Nxd5 23. Rg3 Rg6 24. Rxg5 Nxc3 25. Rxg6 hxg6 26. Ng3 f5 27. Bf4 Nd5 28. Be5 c5 29. Rc1 Kf7 30. Kf2 a5 31. Rb1 Rc8 32. dxc5 Rxc5 33. Rb2 b5 34. Ne2 b4 35. Bd4 Rc4 36. axb4 axb4 37. Be3 f4 38. Ba7 g5 39. h3 Kf6 40. Rd2 Ke5 41. Bb8+ Ke4 42. g3 b3 43. gxf4 gxf4 44. Rb2 Rc2 45. Rxb3 g5 46. Ba7 Kf5 47. Ra3 Ke4 48. Ra4+ Kf5 49. Kf3 Rxe2 50. Kxe2 Nc3+ 51. Kf3 Nxa4 52. Bd4 Ke6 53. Ke4 Kd6 54. Bf6 Nc5+ 55. Kf3 Ne6 56. Bxg5 Nxg5+ 57. Kxf4 Nxh3+ 1/2-1/2

[Event "*** SCC Grand Prix: Titled Tuesday Blitz"]
[Site "Chess.com"]
[Date "2020.07.14"]
[Round "10"]
[White "Chigorinetz"]
[Black "whodee11"]
[Result "0-1"]
[WhiteElo "2512"]
[BlackElo "2428"]
[TimeControl "180+1"]
[EndTime "11:59:52 PDT"]
[Termination "whodee11 won on time"]

1. e4 c5 2. Nc3 Nc6 3. Nge2 d6 4. g3 g6 5. Bg2 Bg7 6. O-O Nh6 7. h3 O-O 8. g4 f6 9. Ng3 e5 10. Nd5 Nf7 11. c3 Ne7 12. Nxe7+ Qxe7 13. d4 b6 14. a4 a5 15. f4 exf4 16. Bxf4 Ba6 17.
Rf2 Rad8 18. Qb3 Qc7 19. Rd1 Kh8 20. h4 c4 21. Qc2 b5 22. axb5 Bxb5 23. h5 Bh6 24.
Rdf1 Bxf4 25. Rxf4 Kg7 26. Rxf6 Ng5 27. Qf2 Qe7 28.
h6+ Kg8 29. e5 Rxf6 30. Qxf6 Qxf6 31. Rxf6 dxe5 32. Ne2 e4 33. Kf2 Rf8 34. Rxf8+ Kxf8 35. Ke3 Bc6 36. Kf4 Nf3 37. g5 Ne1 38. Bxe4 Nd3+ 39. Ke3 Bxe4 40. Kxe4 Nxb2 41. Kd5 a4 42. Nc1 a3 43.
Na2 Ke7 44. Kc5 Kd7 45. Kb4 Kc6 46. Kxa3 Nd1 47. Kb4 Kd5 48. Kb5 Nxc3+ 49. Nxc3+ Kxd4 50. Kb4 Ke5 51. Kxc4 Kf5 52. Kd4 Kxg5 53. Ke5 Kxh6 54. Kf4 g5+ 55. Kf5 Kh5 56. Ne4 g4 57. Ng3+ Kh4 58.
Kf4 h5 59. Nf5+ Kh3 60. Ne3 g3 61. Kf3 Kh2 62. Nf1+ Kg1 0-1

[Event "*** SCC Grand Prix: Titled Tuesday Blitz"]
[Site "Chess.com"]
[Date "2020.07.14"]
[Round "10"]
[White "Alexander_Moskalenko"]
[Black "Munkhzul_Turmunkh"]
[Result "1/2-1/2"]
[WhiteElo "2770"]
[BlackElo "2576"]
[TimeControl "180+1"]
[EndTime "11:59:53 PDT"]
[Termination "Game drawn by repetition"]

1. c4 e5 2. Nc3 Nf6 3. g3 d5 4. cxd5 Nxd5 5. Bg2 Nb6 6. d3 Be7 7. Be3 O-O 8. Rc1 Nc6 9. Bxc6 bxc6 10. Nf3 f6 11. d4 exd4 12. Nxd4 Qe8 13. Qb3+ Kh8 14.
Ne6 Bxe6 15. Qxe6 Bb4 16. Qxe8 Rfxe8 17. O-O Nc4 18. Bd4 Red8 19. e3 c5 20. Na4 Nd2 21. Nxc5 Nxf1 22. Kxf1 a6 23. Ne6 Rd6 24. Rc4 Rxe6 25. Rxb4 Rc6 26. Rb7 Kg8 27. b4 a5 28.
b5 Rc1+ 29. Kg2 a4 30. a3 h6 31. g4 Kh7 32. h4 Ra5 33. g5 hxg5 34. hxg5 Kg6 35.
gxf6 gxf6 36. b6 cxb6 37. Rxb6 Rg5+ 38. Kh2 Rf5 39. f4 Rc2+ 40. Kg3 Ra2 41. e4 Rxa3+ 42.
Kg4 Ra5 43. Rxf6+ Kh7 44. f5 Rd3 45. Rd6 a3 46. Rd7+ Kg8 47. Kg5 a2 48. Kg6 Rg3+ 49.
Kh5 Rd3 50. Kg6 Ra6+ 51. f6 Rxf6+ 52. Kxf6 Rxd4 53. Rg7+ Kf8 54. Ra7 Rxe4 55. Rxa2 Rf4+ 56. Ke5 Rf1 57. Ra7 Ke8 58. Ke6 Re1+ 59. Kd6 Rd1+ 60. Ke6 Re1+ 61. Kf6 Rf1+ 62. Ke5 Re1+ 63. Kd6 Rd1+ 64.
Ke6 Re1+ 1/2-1/2

[Event "*** SCC Grand Prix: Titled Tuesday Blitz"]
[Site "Chess.com"]
[Date "2020.07.14"]
[Round "10"]
[White "GM_LOADING"]
[Black "WIDBIFS"]
[Result "1-0"]
[WhiteElo "2596"]
[BlackElo "2732"]
[TimeControl "180+1"]
[EndTime "11:59:53 PDT"]
[Termination "GM_LOADING won by resignation"]

1. e4 g6 2. d4 Bg7 3. Nc3 c6 4. Bc4 d6 5. Nf3 Nf6 6. Bb3 O-O 7. O-O Bg4 8. h3 Bxf3 9. Qxf3 Nbd7 10. Bg5 Qa5 11.
Bh4 e5 12. dxe5 Nxe5 13. Qe2 Rfe8 14. Rad1 Qc5 15. Kh1 b5 16. Rfe1 Nc4 17. Bxc4 bxc4 18. Bg3 d5 19. Qd2 Nxe4 20. Nxe4 dxe4 21. c3 Qb6 22.
Qe2 Qb5 23. Rd7 h6 24. Red1 Re6 25. Rc7 Rae8 26. Rdd7 Rf6 27. Rxa7 Rf5 28. Re7 c5 29. Rab7 Qc6 30. Qxc4 Rxe7 31. Rxe7 Rd5 32. Qxe4 Rd1+ 33. Kh2 Qxe4 34. Rxe4 Rd2 35. Re8+ Kh7 36. Re7 Rxb2 37. Rxf7 Kg8 38. Rc7 Bxc3 39. Rxc5 Bd4 40. Rc6 Kf7 41. a4 Bxf2 42. Bxf2 Rxf2 43. a5 Ra2 44. a6 h5 45. Kg3 Ra4 46. Kf3 h4 47. Rc7+ Kf6 48. a7 Kg5 49. Ke3 Ra2 50. Rf7 Ra3+ 51. Kd4 Ra4+ 52.
Kc5 Ra1 53. Kb6 Ra2 54. Kb7 Rb2+ 55. Kc8 Ra2 56. Kb8 Rb2+ 57. Rb7 Ra2 58. a8=Q Rxa8+ 59. Kxa8 Kf4 60. Rb4+ Kg5 61. Rg4+ Kh5 62. Kb7 1-0

[Event "*** SCC Grand Prix: Titled Tuesday Blitz"]
[Site "Chess.com"]
[Date "2020.07.14"]
[Round "10"]
[White "frederiksvane"]
[Black "Skatchkov_V"]
[Result "0-1"]
[WhiteElo "2687"]
[BlackElo "2582"]
[TimeControl "180+1"]
[EndTime "11:59:53 PDT"]
[Termination "Skatchkov_V won by checkmate"]

1. e4 e5 2. Nf3 Nf6 3. Nxe5 d6 4. Nf3 Nxe4 5. c4 Be7 6. Nc3 Nxc3 7. dxc3 O-O 8. Bd3 Nd7 9. O-O Nc5 10. Bc2 Bg4 11. Be3 Bf6 12. b4 Ne6 13. h3 Bh5 14. Qd5 Bg6 15. Bxg6 hxg6 16. Nd4 Bxd4 17. Bxd4 c6 18. Qe4 Qg5 19. Be3 Qf6 20. Qd3 a5 21.
Bb6 axb4 22. cxb4 d5 23. cxd5 Nf4 24. Qf3 Nxd5 25. Qxf6 gxf6 26. Bc5 Rfe8 27. a4 Kg7 28. a5 Re4 29. Rfb1 Rae8 30. a6 bxa6 31. Rxa6 R8e6 32. g3 Rc4 33. Rb2 g5 34. Kg2 f5 35. Raa2 f4 36. Rc2 Rxb4 37. Bxb4 Nxb4 38. gxf4 gxf4 39.
Kf3 Kf6 40. Kxf4 c5 41. h4 c4 42. h5 c3 43. Kf3 Rc6 44. Ke3 Nxa2 45. Kd4 Kg5 46.
Kd3 Nb4+ 47. Ke4 Nxc2 48. h6 Kxh6 49. Kd5 Nb4+ 50. Kd4 c2 51. Ke3 c1=Q+ 52. Kf3 Rf6+ 53. Kg2 Nd3 54. Kh3 Rg6 55. Kh2 Qg1+ 56. Kh3 Qh1# 0-1

[Event "*** SCC Grand Prix: Titled Tuesday Blitz"]
[Site "Chess.com"]
[Date "2020.07.14"]
[Round "10"]
[White "pastouche06"]
[Black "Steven_Rojas"]
[Result "1-0"]
[WhiteElo "2532"]
[BlackElo "2413"]
[TimeControl "180+1"]
[EndTime "11:59:53 PDT"]
[Termination "pastouche06 won by checkmate"]

1. d4 d5 2. c4 e6 3. Nc3 Nf6 4.
cxd5 Nxd5 5. e4 Nxc3 6. bxc3 c5 7.
Rb1 Be7 8. Nf3 O-O 9. Bd3 cxd4 10. cxd4 Nc6 11. Bb5 Bf6 12. e5 Be7 13. O-O Nb4 14. Bd2 Nd5 15. Qe2 b6 16. Qe4 Bb7 17. h4 Rb8 18. Bd3 Nf6 19. Qf4 Nh5 20. Qg4 g6 21.
Bh6 Re8 22. Bb5 Bxf3 23. Qxf3 Qxd4 24. Bxe8 Rxe8 25. g4 Ng7 26. Rfe1 Bxh4 27. Rbd1 Qc5 28. Rd7 Re7 29. Rd8+ Ne8 30. g5 Qc7 31. Rxe8+ Rxe8 32. Qf6 Bxf2+ 33. Kxf2 Qc2+ 34. Re2 Qf5+ 35. Kg3 Qxf6 36. gxf6 Rc8 37. Rd2 a5 38. Kf4 g5+ 39. Bxg5 h6 40. Bxh6 Rc4+ 41. Kg5 Kh7 42. Bg7 Rh4 43. Kxh4 Kg6 44.
Kg4 b5 45. Rd6 b4 46. Ra6 b3 47. axb3 Kh7 48. Kh5 Kg8 49. Kh6 a4 50. Ra8# 1-0

[Event "*** SCC Grand Prix: Titled Tuesday Blitz"]
[Site "Chess.com"]
[Date "2020.07.14"]
[Round "10"]
[White "eljanov"]
[Black "topotun"]
[Result "1/2-1/2"]
[WhiteElo "2847"]
[BlackElo "2714"]
[TimeControl "180+1"]
[EndTime "11:59:55 PDT"]
[Termination "Game drawn by agreement"]

1. e4 c5 2. Nf3 e6 3. d4 cxd4 4.
Nxd4 Nc6 5. c4 Nf6 6. Nc3 Bb4 7. Nxc6 bxc6 8. Bd3 e5 9. O-O O-O 10. Qe2 d6 11. Na4 Re8 12. a3 Ba5 13. b4 Bc7 14. Bg5 h6 15. Bh4 g5 16. Bg3 d5 17. Nc5 a5 18. cxd5 cxd5 19. b5 Bb6 20. Rac1 Qd6 21. Na4 Bd4 22. Rc6 Qe7 23. Nb6 Bg4 24. Nxd5 Bxe2 25.
Nxe7+ Rxe7 26. Bxe2 Nxe4 27. Rxh6 Rc8 28. Rc6 Rxc6 29.
bxc6 Rc7 30. Bb5 a4 31. Bxa4 Nc3 32. Bb3 Ne2+ 33. Kh1 Rxc6 34. Bd5 Rc3 35. a4 Kg7 36.
Bf3 Nxg3+ 37. fxg3 Ra3 38. Bc6 f5 39. Bd7 f4 40. gxf4 exf4 41. h3 Ra1 42. Rxa1 Bxa1 43. Kg1 Bc3 44. Kf2 Kf6 45. Kf3 Ke5 46. Kg4 Kf6 47. Bf5 Ba5 48. h4 gxh4 49. Kxf4 Be1 50. Ke4 Ke7 51. Kd5 Kd8 52. Kc6 Bd2 53. Kb6 Be3+ 54. Kb7 Bd2 55. Be6 Be1 56. Kb8 Bd2 57. Kb7 Be1 58. Kc6 Bd2 59. Bh3 Be1 60. Kb6 Bf2+ 61.
Ka6 Kc7 62. a5 Be1 63. Kb5 Kb8 64. a6 Ka7 65. Kc6 Bg3 66. Kd5 1/2-1/2

[Event "*** SCC Grand Prix: Titled Tuesday Blitz"]
[Site "Chess.com"]
[Date "2020.07.14"]
[Round "10"]
[White "snap_man"]
[Black "Rytenko_V"]
[Result "1/2-1/2"]
[WhiteElo "2314"]
[BlackElo "2439"]
[TimeControl "180+1"]
[EndTime "11:59:56 PDT"]
[Termination "Game drawn - insufficient material"]

1. Nf3 c5 2. g3 Nc6 3. b3 e5 4. Bb2 e4 5. Ne5 d5 6. Bg2 Nf6 7. O-O Bd6 8. Nxc6 bxc6 9. d3 Bf5 10. c4 d4 11. Nd2 exd3 12. Bxc6+ Kf8 13. Bxa8 Qxa8 14.
b4 Bh3 15. f3 Ng4 16. Ne4 Ne3 17. Qxd3 Bxf1 18. Nxd6 Qb8 19. bxc5 Qxb2 20. Rb1 Qxe2 21. Rb8+ Ke7 22. Qe4+ Kf6 23. Qf4+ Kg6 24. Qxf7+ Kh6 25. Qf4+ Kg6 26. Qe4+ Kf6 27. Qxd4+ Kg6 28. Qe4+ Kf6 29.
Qf4+ Kg6 30. Qf7+ Kh6 31. Qe6+ Kh5 32. g4+ Kh4 33. Nf5+ Nxf5 34. Qxe2 Bxe2 35. Rxh8 Nd4 36. Kf2 Bxf3 37. Rxh7+ Kxg4 38. Rxg7+ Kf4 39. Rxa7 Bc6 40. h4 Nf5 41. Rf7 Ke5 42. Rxf5+ Kxf5 43. Ke3 Ke5 44.
h5 Be8 45. h6 Bg6 46. Kf3 Kd4 47. c6 Be4+ 48. Kg4 Bxc6 49. h7 Bd7+ 50. Kg5 Kxc4 51.
h8=Q Bb5 52. Qc8+ Kb4 53. Kf4 Bc4 54. Ke5 Bxa2 55. Qc7 Kb3 56. Kf6 Kb4 57. Kg7 Bc4 58. Kh6 Bb5 59. Kg5 Bc4 60. Kf4 Bb5 61. Ke3 Bc4 62.
Kd4 Bb5 63. Qc4+ Bxc4 1/2-1/2

[Event "*** SCC Grand Prix: Titled Tuesday Blitz"]
[Site "Chess.com"]
[Date "2020.07.14"]
[Round "10"]
[White "Matols"]
[Black "JSMastropiero"]
[Result "0-1"]
[WhiteElo "2199"]
[BlackElo "2397"]
[TimeControl "180+1"]
[EndTime "12:00:01 PDT"]
[Termination "JSMastropiero won on time"]

1. d4 Nf6 2. c4 c5 3. d5 b5 4.
cxb5 a6 5. bxa6 g6 6. Nc3 Bxa6 7.
Nf3 Bg7 8. g3 O-O 9. Bg2 d6 10.
O-O Nbd7 11. Rb1 Nb6 12. b3 Bc8 13. Bb2 Bf5 14. Rc1 Ne4 15. Nh4 Nxc3 16. Bxc3 Bxc3 17. Rxc3 Qd7 18. e4 Bg4 19. f3 Bh3 20. a4 Bxg2 21.
Nxg2 Rfb8 22. Ne3 Qa7 23. Kg2 Nd7 24. Nc4 Rb4 25. Qc2 Nb6 26. Nd2 Rb8 27. Ra1 Nd7 28. Rc4 Ne5 29. Rxb4 Rxb4 30. a5 Qa6 31.
Nb1 c4 32. bxc4 Nxc4 33. Qd3 Rb2+ 34. Kh3 Qc8+ 35. g4 Ne5 36. Qc3 Qb8 37. a6 Nxf3 38. Qxf3 Rb3 39. Nc3 h5 40. a7 hxg4+ 41. Kxg4 Qc8+ 42.
Kh4 Rxc3 43. a8=Q Rxf3 44. Qxc8+ Kg7 45. Qc7 Rf4+ 46. Kg3 Rxe4 47. Qd7 f5 48. Ra8 Kf6 49.
Qe8 Kg5 50. Qf8 f4+ 51. Kf2 Re5 52. Qf7 Kg4 53. Rg8 g5 54. Qg6 Rxd5 0-1

[Event "*** SCC Grand Prix: Titled Tuesday Blitz"]
[Site "Chess.com"]
[Date "2020.07.14"]
[Round "10"]
[White "BakaPG"]
[Black "White_Ghost"]
[Result "1/2-1/2"]
[WhiteElo "2628"]
[BlackElo "2513"]
[TimeControl "180+1"]
[EndTime "12:00:02 PDT"]
[Termination "Game drawn by repetition"]

1. e4 e5 2. Nf3 Nc6 3. Bb5 a6 4. Ba4 b5 5. Bb3 Na5 6. O-O d6 7. d4 exd4 8. Nxd4 Bb7 9. a4 Nxb3 10. cxb3 b4 11. Nd2 Nf6 12. Re1 Be7 13. Nf5 O-O 14. Qf3 Nd7 15. Nc4 Bf6 16. Bf4 Re8 17. Na5 Qb8 18. Qg4 Ne5 19. Bxe5 Rxe5 20. Nc4 Re6 21. h4 Qe8 22. f3 d5 23. Na5 Bc8 24. h5 dxe4 25.
fxe4 Re5 26. Qg3 Rxa5 27. e5 Bxf5 28. exf6 Qf8 29. Qxc7 Rd5 30. fxg7 Qxg7 31. Re3 Be6 32. Rf1 Rg5 33. Rf2 Rc8 34. Qxc8+ Bxc8 35. Re8+ Qf8 36.
Rxf8+ Kxf8 37. Rf4 a5 38. Kf2 Be6 39. Ke3 Rg3+ 40.
Kd4 Rg4 41. Rxg4 Bxg4 42. h6 Ke7 43. Kc5 Kf6 44. Kb6 Kg6 45. Kxa5 Kxh6 46. Kxb4 Kg5 47. a5 h5 48. Kc5 Bf5 49. b4 Be4 50. b5 Bxg2 51. b6 h4 52. a6 h3 53. b7 h2 54. b8=Q h1=Q 55. Qg3+ Kf6 56. Qf4+ Kg6 57. b4 Qh5+ 58. Kb6 Qg5 59. Qd6+ Kg7 60. b5 Qe3+ 61. Qc5 Qe6+ 62. Ka5 Qa2+ 63. Kb6 Qe6+ 64. Ka7 Qd7+ 65. Kb6 Qd8+ 66. Qc7 Qd4+ 67. Qc5 Qd8+ 68.
Ka7 Qd7+ 69. Kb6 Qe6+ 1/2-1/2

[Event "*** SCC Grand Prix: Titled Tuesday Blitz"]
[Site "Chess.com"]
[Date "2020.07.14"]
[Round "10"]
[White "dennisodessa"]
[Black "Terao90"]
[Result "1/2-1/2"]
[WhiteElo "2430"]
[BlackElo "2285"]
[TimeControl "180+1"]
[EndTime "12:00:05 PDT"]
[Termination "Game drawn - insufficient material"]

1. d4 Nf6 2. c4 e6 3. Nc3 Bb4 4. Qc2 d5 5. a3 Bxc3+ 6. Qxc3 Ne4 7.
Qc2 c5 8. cxd5 exd5 9. Nf3 Nc6 10. e3 Bf5 11. Bd3 c4 12. Bxe4 Bxe4 13. Qd1 O-O 14. O-O Re8 15. Bd2 b5 16. Ne1 a5 17.
f3 Bg6 18. Nc2 Qb6 19. Re1 b4 20. a4 Rac8 21. Kh1 Ne7 22. e4 Nc6 23. exd5 Nxd4 24. Be3 Bxc2 25. Qxd4 Qxd4 26. Bxd4 Rxe1+ 27. Rxe1 Bxa4 28.
Bb6 c3 29. bxc3 bxc3 30. Bxa5 c2 31. Bd2 Rd8 32. Kg1 Rxd5 33. Bc1 Rd1 34. Kf2 f6 35. Ba3 Kf7 36. Re4 Bc6 37. Rc4 Bd5 38. Rxc2 Ra1 39.
Bc5 Ra6 40. Be3 g5 41. g4 Kg6 42. h3 h5 43. Kg3 h4+ 44. Kf2 Ra3 45. Rd2 Bc6 46.
Rc2 Ba8 47. Rd2 Rb3 48. Rd6 Rb2+ 49. Bd2 Kf7 50. Rd7+ Ke6 51. Rd3 Rb5 52. f4 gxf4 53. Bxf4 Rd5 54. Re3+ Kf7 55. Re2 Rd7 56. Bd2 Kg6 57. Bc3 Bd5 58. Bb2 Rf7 59. Kg1 f5 60. Rf2 fxg4 61. Rxf7 Kxf7 62. hxg4 Kg6 63. Kh2 Kg5 64.
Kh3 Be6 65. Bc1+ Kg6 66. Kxh4 Bxg4 1/2-1/2

[Event "*** SCC Grand Prix: Titled Tuesday Blitz"]
[Site "Chess.com"]
[Date "2020.07.14"]
[Round "10"]
[White "Konavets"]
[Black "GregShahade"]
[Result "1-0"]
[WhiteElo "3039"]
[BlackElo "2726"]
[TimeControl "180+1"]
[EndTime "12:00:08 PDT"]
[Termination "Konavets won by resignation"]

1. e4 e5 2. Nf3 Nc6 3. Bc4 Nf6 4. Ng5 d5 5. exd5 Na5 6. Bb5+ c6 7. dxc6 bxc6 8. Bd3 Nd5 9. Nf3 Bd6 10. O-O O-O 11. Re1 f5 12. Nxe5 Qf6 13. Nf3 g5 14. c3 c5 15. Qa4 Nf4 16. Bf1 Bb7 17. d3 Bxf3 18.
gxf3 Qh6 19. Bxf4 Bxf4 20. h3 Nc6 21. Na3 Ne5 22. Bg2 Kh8 23. Nc4 Nxd3 24. Red1 Rad8 25. Qc2 Ne5 26. Rxd8 Rxd8 27. Nxe5 Bxe5 28. Qxf5 Bg7 29.
Re1 Rf8 30. Qxc5 Qa6 31. a3 Qb7 32. b4 Qf7 33. Re4 a6 34. f4 gxf4 35. Bf3 Qg6+ 36. Kh2 Rg8 37. Qh5 Qd6 38. Re1 Bxc3 39. Rg1 Rxg1 40. Kxg1 Qg6+ 41. Qxg6 hxg6 42. Bb7 Bb2 43. a4 Bc3 44. b5 axb5 45. axb5 Bd4 46. Kf1 Kg7 47.
Ke2 Kf6 48. f3 Ke5 49. Be4 g5 50. Kd3 Bc5 51. Bb7 Kd6 52. Ke4 Ke6 53. Bc8+ Kd6 54. Kf5 Kc7 55. Be6 Kb6 56. Kxg5 Kxb5 57. h4 Kc6 58. Kg6 Kd6 59. Kf7 Bd4 60. h5 Ke5 61. h6 Kd6 62. h7 Kc7 63. Bg4 Kd6 64. Kg8 Ke7 65. h8=Q Bxh8 66. Kxh8 Kf6 67. Kh7 Kg5 68. Kg7 Kh4 69. Kf6 Kg3 70. Kf5 Kh4 71. Ke4 Kg3 72. Bc8 Kh4 73. Kxf4 Kh5 74. Ke5 Kh6 75. f4 Kg7 76. f5 Kf8 77. f6 Kg8 78. Be6+ Kh7 79. Kf5 Kh8 80. Bc8 Kh7 81. Ke6 Kh8 82. Ke7 Kh7 83. f7 Kg6 84. f8=Q Kh7 85. Qf5+ 1-0

[Event "*** SCC Grand Prix: Titled Tuesday Blitz"]
[Site "Chess.com"]
[Date "2020.07.14"]
[Round "10"]
[White "PrinceMurad09"]
[Black "Jungle_Jaguar"]
[Result "0-1"]
[WhiteElo "2511"]
[BlackElo "2664"]
[TimeControl "180+1"]
[EndTime "12:00:09 PDT"]
[Termination "Jungle_Jaguar won by resignation"]

1. e4 e5 2. Nf3 Nc6 3. Bc4 Bc5 4. O-O Nf6 5. d3 O-O 6. c3 d5 7. exd5 Nxd5 8. Nbd2 Bg4 9. h3 Bh5 10. a4 Nb6 11.
Bb5 f6 12. a5 Nc8 13. a6 N8e7 14. Bc4+ Kh8 15. axb7 Rb8 16. Ne4 Bb6 17. Ng3 Bg6 18.
Nh4 Qe8 19. Nxg6+ Qxg6 20. Qg4 Qxg4 21. hxg4 Rxb7 22. b4 Rbb8 23. Ne4 Rbd8 24. Be3 Nd5 25. Bc5 Rfe8 26. g3 h6 27. Bxb6 axb6 28. Bb5 Re6 29. Bxc6 Rxc6 30. b5 Re6 31. Ra7 Re7 32. Rfa1 Red7 33.
Ra8 Kg8 34. Rxd8+ Rxd8 35. Ra7 Rd7 36. Kf1 Kf7 37. Ke2 g6 38. Ra3 f5 39. gxf5 gxf5 40. Nd2 Ke6 41. Nc4 h5 42. Ne3 Nf6 43. Ra1 f4 44.
gxf4 exf4 45. Nc4 Kf5 46. d4 Ne4 47. Ra3 h4 48. Ne5 Rg7 49. c4 Rg2 50. Rf3 Nd6 51. Nd3 Rg4 52. c5 Nxb5 53. Rh3 Nxd4+ 54. Kd2 b5 55.
Nb4 Rg2 56. Kd3 Ne6 57. Rxh4 Nxc5+ 58. Kd4 Ne6+ 59. Kd5 Rxf2 60. Rh5+ Ng5 61. Kc5 f3 62. Nd3 Rc2+ 63. Kd4 Rd2 64. Ke3 Re2+ 65. Kd4 f2 66.
Rh1 Nf3+ 67. Kc3 Kg4 68. Rf1 Kg3 69. Kb4 c6 70. Kc5 Kg2 71. Rc1 Ne1 72. Nf4+ Kf3 73.
Nxe2 Nd3+ 74. Kxc6 Nxc1 75. Nd4+ Kg4 76. Nc2 Kf3 77.
Nd4+ Kg2 78. Nf5 b4 79. Ne3+ Kg1 80. Kd5 b3 81. Nd1 f1=Q 82. Nb2 Qe2 83. Na4 b2 84.
Kd4 b1=Q 85. Nc3 Qbd3+ 86. Kc5 Qc4+ 0-1